[ AOE2 MATCH · #478442644 ]
UnrankedDravidians vs Malay
[ REPLAY ANALYSIS · EXTRACTED FROM THE RECORDED GAME ]
Feudal
11:57
Castle
20:51
Imperial
—
| APM avg | 25.5 |
| APM peak | 59 |
| eAPM avg | 15.9 |
| Villagers / military | 84 / 29 |
Focus
⚔️ 29.8% · 🌾 70.2%
Archer ×23 · Mangonel ×4 · Armored Elephant ×2
Feudal
13:58
Castle
24:09
Imperial
—
| APM avg | 36.7 |
| APM peak | 91 |
| eAPM avg | 22.4 |
| Villagers / military | 138 / 34 |
Focus
⚔️ 33.4% · 🌾 66.6%
Militia ×27 · Spearman ×7
Feudal
10:16
Castle
19:25
Imperial
32:22
| APM avg | 53.1 |
| APM peak | 125 |
| eAPM avg | 26.3 |
| Villagers / military | 151 / 12 |
Focus
⚔️ 18.3% · 🌾 81.7%
Archer ×3 · Militia ×3 · Karambit Warrior ×3 · Mangonel ×2 · Trade Cart ×2 · Trebuchet (Packed) ×1
Feudal
12:18
Castle
15:51
Imperial
—
| APM avg | 47.5 |
| APM peak | 91 |
| eAPM avg | 22.4 |
| Villagers / military | 106 / 44 |
Focus
⚔️ 17.2% · 🌾 82.8%
Knight ×24 · Monk ×8 · Mangonel ×3 · Scorpion ×3 · War Elephant ×3 · Battering Ram ×3
Feudal
13:29
Castle
17:08
Imperial
—
| APM avg | 54.2 |
| APM peak | 106 |
| eAPM avg | 38.4 |
| Villagers / military | 104 / 68 |
Focus
⚔️ 39.3% · 🌾 60.7%
Hand Cannoneer ×68
Feudal
11:10
Castle
17:36
Imperial
31:46
| APM avg | 37.8 |
| APM peak | 141 |
| eAPM avg | 16.0 |
| Villagers / military | 136 / 35 |
Focus
⚔️ 14.5% · 🌾 85.5%
War Elephant ×29 · Trebuchet (Packed) ×5 · Monk ×1
Match map
Initial resources + every placement click. Lines = walls · curves = elevation contours. ◆ gold · ⬟ stone · ● berries · ✦ relic · ◌ wall gap
Your base· Open — opponent sealed themselves in
CHARIZARD1511's base· ✓ Closed at 24:09 · 38t walls · no gate
RAY's base· ✓ Closed at 19:25 · 19t walls · 2 gate(s)
kechecho's base· ✓ Closed at 15:51 · 0t walls · fragile
[LW] Awake's base· ✓ Closed at 17:08 · 52t walls · no gate
wazzy_waz's base· ✓ Closed at 17:36 · 0t walls · no gate
Smoothed initial terrain · ◌ = detected wall gap · hover for details
Inputs per minute
— 11RICOPOLLO11 - - CHARIZARD1511
Build order — 11RICOPOLLO11
First 150 of 210 actions detected
| 0:02 | Create | Villager (Male) |
| 0:02 | Create | Villager (Male) |
| 0:03 | Create | Villager (Male) |
| 0:03 | Create | Villager (Male) |
| 0:05 | Build | House |
| 0:06 | Build | House |
| 1:25 | Create | Villager (Male) |
| 1:32 | Research | Loom |
| 1:42 | Create | Villager (Male) |
| 2:21 | Create | Villager (Male) |
| 2:30 | Build | Palisade Wall |
| 2:31 | Build | Palisade Wall |
| 2:32 | Build | Palisade Wall |
| 2:33 | Build | Palisade Wall |
| 2:35 | Build | Palisade Wall |
| 2:43 | Create | Villager (Male) |
| 2:50 | Build | Palisade Wall |
| 2:51 | Build | Palisade Wall |
| 2:53 | Build | Palisade Wall |
| 2:54 | Build | Palisade Wall |
| 3:02 | Build | Palisade Wall |
| 3:21 | Create | Villager (Male) |
| 3:26 | Build | Lumber Camp |
| 3:54 | Create | Villager (Male) |
| 4:08 | Create | Villager (Male) |
| 4:33 | Build | Palisade Wall |
| 4:52 | Create | Villager (Male) |
| 5:05 | Build | House |
| 5:29 | Create | Villager (Male) |
| 5:44 | Create | Villager (Male) |
| 5:58 | Build | Mill |
| 6:08 | Build | Palisade Wall |
| 6:10 | Build | Palisade Wall |
| 6:12 | Build | Palisade Wall |
| 6:17 | Create | Villager (Male) |
| 6:17 | Create | Villager (Male) |
| 6:51 | Build | House |
| 7:05 | Create | Villager (Male) |
| 7:17 | Create | Villager (Male) |
| 7:41 | Create | Villager (Male) |
| 7:42 | Create | Villager (Male) |
| 7:42 | Create | Villager (Male) |
| 8:34 | Create | Villager (Male) |
| 8:35 | Create | Villager (Male) |
| 8:35 | Create | Villager (Male) |
| 8:59 | Create | Villager (Male) |
| 9:10 | Build | Mining Camp |
| 9:47 | Research | Feudal Age |
| 10:26 | Build | Palisade Wall |
| 10:51 | Build | Palisade Wall |
| 11:00 | Build | Palisade Wall |
| 11:06 | Create | Villager (Male) |
| 11:06 | Create | Villager (Male) |
| 11:44 | Build | Palisade Wall |
| 11:47 | Build | Palisade Wall |
| 11:57 | Age | Feudal Age |
| 12:07 | Create | Villager (Male) |
| 12:07 | Create | Villager (Male) |
| 12:09 | Build | House |
| 12:12 | Build | House |
| 12:13 | Build | House |
| 12:22 | Build | Stone Wall |
| 12:26 | Build | Stone Wall |
| 12:27 | Build | Stone Wall |
| 12:41 | Build | Stone Wall |
| 12:53 | Build | Stone Wall |
| 12:58 | Build | Stone Wall |
| 13:00 | Build | Stone Wall |
| 13:14 | Build | Stone Wall |
| 13:24 | Build | Stone Wall |
| 13:40 | Build | Stone Wall |
| 13:47 | Build | Watch Tower |
| 13:50 | Create | Villager (Male) |
| 14:10 | Build | Blacksmith |
| 14:13 | Create | Villager (Male) |
| 14:17 | Build | House |
| 14:22 | Create | Villager (Male) |
| 14:23 | Create | Villager (Male) |
| 14:29 | Build | Mining Camp |
| 14:33 | Create | Villager (Male) |
| 14:49 | Build | Lumber Camp |
| 14:51 | Create | Villager (Male) |
| 14:54 | Research | Fletching |
| 15:11 | Create | Villager (Male) |
| 15:50 | Build | Market |
| 16:14 | Create | Villager (Male) |
| 16:17 | Create | Villager (Male) |
| 18:11 | Research | Castle Age |
| 19:23 | Research | Double-Bit Axe |
| 19:28 | Research | Horse Collar |
| 20:23 | Build | Barracks |
| 20:28 | Build | Barracks |
| 20:46 | Create | Villager (Male) |
| 20:51 | Age | Castle Age |
| 20:54 | Build | Siege Workshop |
| 21:00 | Create | Villager (Male) |
| 21:23 | Build | Archery Range |
| 21:26 | Build | Archery Range |
| 21:27 | Create | Villager (Male) |
| 21:39 | Create | Mangonel |
| 21:39 | Create | Mangonel |
| 21:40 | Create | Mangonel |
| 21:45 | Create | Armored Elephant |
| 21:56 | Build | Farm |
| 22:27 | Build | Farm |
| 22:27 | Build | Farm |
| 22:28 | Build | Farm |
| 22:29 | Build | Farm |
| 22:30 | Build | Farm |
| 22:41 | Research | Crossbowman (upgrade) |
| 22:46 | Build | Farm |
| 22:47 | Build | Farm |
| 22:48 | Build | Farm |
| 22:59 | Create | Villager (Male) |
| 23:04 | Build | Farm |
| 23:10 | Create | Villager (Male) |
| 23:25 | Create | Archer ×2 |
| 23:29 | Build | House |
| 23:30 | Build | House |
| 23:33 | Build | House |
| 24:07 | Create | Villager (Male) |
| 24:07 | Create | Villager (Male) |
| 24:36 | Create | Villager (Male) |
| 24:37 | Create | Villager (Male) |
| 24:40 | Create | Villager (Male) |
| 24:43 | Create | Archer ×5 |
| 24:48 | Build | Archery Range |
| 25:17 | Research | Bodkin Arrow |
| 25:19 | Create | Villager (Male) |
| 25:38 | Create | Villager (Male) |
| 25:39 | Create | Villager (Male) |
| 26:02 | Build | Town Center |
| 26:09 | Create | Archer |
| 26:09 | Create | Archer |
| 26:11 | Create | Villager (Male) |
| 26:17 | Build | Town Center |
| 26:18 | Create | Villager (Male) |
| 26:27 | Create | Archer |
| 27:03 | Create | Villager (Male) |
| 27:07 | Build | House |
| 27:07 | Build | House |
| 27:24 | Create | Archer |
| 28:17 | Create | Armored Elephant |
| 28:19 | Create | Archer ×5 |
| 28:19 | Create | Archer ×5 |
| 28:20 | Create | Villager (Male) |
| 28:21 | Create | Villager (Male) |
| 28:25 | Create | Villager (Male) |
| 28:25 | Create | Villager (Male) |
| 28:26 | Create | Villager (Male) |
Build order — CHARIZARD1511
First 150 of 279 actions detected
| 0:00 | Create | Villager (Male) |
| 0:01 | Create | Villager (Male) |
| 0:02 | Build | House |
| 0:03 | Build | House |
| 0:04 | Create | Villager (Male) |
| 0:05 | Create | Villager (Male) |
| 0:05 | Create | Villager (Male) |
| 0:20 | Research | Loom |
| 0:21 | Create | Villager (Male) |
| 0:21 | Create | Villager (Male) |
| 0:22 | Create | Villager (Male) |
| 2:40 | Create | Villager (Male) |
| 2:41 | Create | Villager (Male) |
| 3:34 | Create | Villager (Male) |
| 3:35 | Create | Villager (Male) |
| 4:09 | Create | Villager (Male) |
| 4:26 | Create | Villager (Male) |
| 4:59 | Build | Palisade Wall |
| 5:00 | Create | Villager (Male) |
| 5:08 | Create | Villager (Male) |
| 5:22 | Build | Palisade Wall |
| 5:29 | Create | Villager (Male) |
| 5:33 | Build | House |
| 5:45 | Create | Villager (Male) |
| 5:52 | Build | Palisade Wall |
| 5:55 | Build | Palisade Wall |
| 5:57 | Build | Palisade Wall |
| 5:59 | Build | Palisade Wall |
| 6:02 | Build | Palisade Wall |
| 6:07 | Build | Palisade Wall |
| 6:09 | Build | Palisade Wall |
| 6:11 | Build | Palisade Wall |
| 6:32 | Create | Villager (Male) |
| 6:33 | Create | Villager (Male) |
| 6:33 | Create | Villager (Male) |
| 7:19 | Create | Villager (Male) |
| 7:24 | Create | Villager (Male) |
| 7:24 | Create | Villager (Male) |
| 8:25 | Build | Lumber Camp |
| 8:38 | Build | House |
| 9:05 | Create | Villager (Male) |
| 9:10 | Create | Villager (Male) |
| 9:11 | Create | Villager (Male) |
| 9:11 | Create | Villager (Male) |
| 9:11 | Create | Villager (Male) |
| 9:28 | Build | Palisade Wall |
| 9:33 | Create | Villager (Male) |
| 9:34 | Create | Villager (Male) |
| 9:34 | Create | Villager (Male) |
| 9:34 | Create | Villager (Male) |
| 9:35 | Create | Villager (Male) |
| 9:42 | Create | Villager (Male) |
| 10:15 | Create | Villager (Male) |
| 10:29 | Create | Villager (Male) |
| 10:51 | Build | Barracks |
| 10:52 | Create | Villager (Male) |
| 10:53 | Create | Villager (Male) |
| 10:57 | Create | Villager (Male) |
| 11:01 | Create | Villager (Male) |
| 11:03 | Create | Villager (Male) |
| 11:04 | Build | House |
| 11:14 | Create | Villager (Male) |
| 11:21 | Create | Villager (Male) |
| 11:30 | Build | Palisade Wall |
| 11:39 | Build | Mining Camp |
| 11:41 | Create | Villager (Male) |
| 11:48 | Research | Feudal Age |
| 11:53 | Create | Militia ×5 |
| 11:53 | Create | Militia |
| 11:58 | Create | Villager (Male) |
| 12:05 | Create | Villager (Male) |
| 12:07 | Create | Villager (Male) |
| 12:18 | Create | Villager (Male) |
| 12:24 | Build | Mill |
| 12:27 | Create | Villager (Male) |
| 12:54 | Create | Villager (Male) |
| 12:59 | Create | Militia |
| 13:07 | Build | House |
| 13:10 | Build | House |
| 13:14 | Build | Mill |
| 13:49 | Create | Villager (Male) |
| 13:57 | Create | Villager (Male) |
| 13:58 | Age | Feudal Age |
| 14:05 | Build | Watch Tower |
| 14:08 | Create | Villager (Male) |
| 14:14 | Research | Man-at-Arms (upgrade) |
| 14:16 | Create | Villager (Male) |
| 14:17 | Create | Villager (Male) |
| 14:23 | Create | Villager (Male) |
| 14:25 | Create | Villager (Male) |
| 14:28 | Create | Villager (Male) |
| 14:34 | Research | Double-Bit Axe |
| 14:36 | Build | Farm |
| 14:39 | Build | Farm |
| 14:40 | Create | Villager (Male) |
| 14:42 | Build | House |
| 14:58 | Create | Militia |
| 15:25 | Create | Militia |
| 15:28 | Create | Villager (Male) |
| 15:30 | Build | Blacksmith |
| 15:35 | Create | Villager (Male) |
| 15:52 | Create | Militia |
| 15:52 | Create | Militia |
| 15:54 | Create | Villager (Male) |
| 16:09 | Research | Fletching |
| 16:37 | Create | Villager (Male) |
| 16:50 | Create | Villager (Male) |
| 16:53 | Build | Farm |
| 16:53 | Build | Farm |
| 16:54 | Build | Farm |
| 16:54 | Build | Farm |
| 16:54 | Build | Farm |
| 16:54 | Build | Farm |
| 16:55 | Build | Farm |
| 16:55 | Build | Farm |
| 17:14 | Build | Mining Camp |
| 17:15 | Create | Villager (Male) |
| 17:19 | Create | Villager (Male) |
| 17:26 | Create | Villager (Male) |
| 17:27 | Create | Villager (Male) |
| 17:30 | Create | Militia |
| 17:31 | Create | Militia |
| 17:40 | Build | House |
| 17:51 | Create | Villager (Male) |
| 17:52 | Create | Villager (Male) |
| 18:00 | Create | Militia |
| 18:00 | Create | Militia |
| 18:12 | Create | Villager (Male) |
| 18:14 | Create | Villager (Male) |
| 18:21 | Create | Villager (Male) |
| 18:33 | Create | Villager (Male) |
| 18:37 | Build | Market |
| 18:40 | Create | Villager (Male) |
| 18:48 | Create | Militia |
| 18:53 | Build | House |
| 18:55 | Create | Villager (Male) |
| 19:56 | Research | Forging |
| 19:58 | Create | Villager (Male) |
| 20:05 | Create | Villager (Male) |
| 20:09 | Build | Farm |
| 20:09 | Build | Farm |
| 20:10 | Build | Farm |
| 20:10 | Build | Farm |
| 20:10 | Build | Farm |
| 20:10 | Build | Farm |
| 20:39 | Create | Militia |
| 20:39 | Create | Militia |
| 20:44 | Create | Villager (Male) |
| 20:46 | Build | Farm |
| 20:46 | Build | Farm |
Build order — RAY
First 150 of 328 actions detected
| 0:00 | Create | Villager (Male) |
| 0:02 | Build | House |
| 0:03 | Build | House |
| 0:21 | Create | Villager (Male) |
| 0:21 | Create | Villager (Male) |
| 1:07 | Create | Villager (Male) |
| 1:27 | Create | Villager (Male) |
| 1:59 | Create | Villager (Male) |
| 2:26 | Create | Villager (Male) |
| 2:31 | Build | Lumber Camp |
| 2:44 | Create | Villager (Male) |
| 3:13 | Create | Villager (Male) |
| 3:14 | Create | Villager (Male) |
| 3:22 | Build | House |
| 4:07 | Create | Villager (Male) |
| 4:28 | Build | Mill |
| 4:31 | Create | Villager (Male) |
| 4:42 | Build | House |
| 5:01 | Create | Villager (Male) |
| 5:38 | Create | Villager (Male) |
| 5:44 | Create | Villager (Male) |
| 6:11 | Create | Villager (Male) |
| 6:23 | Create | Villager (Male) |
| 6:28 | Create | Villager (Male) |
| 6:47 | Create | Villager (Male) |
| 7:34 | Create | Villager (Male) |
| 7:52 | Build | Barracks |
| 8:22 | Create | Villager (Male) |
| 8:35 | Research | Feudal Age |
| 8:35 | Research | Feudal Age |
| 8:48 | Create | Militia |
| 9:04 | Create | Militia |
| 9:13 | Build | House |
| 9:20 | Create | Militia |
| 9:58 | Create | Villager (Male) |
| 10:12 | Build | House |
| 10:14 | Create | Villager (Male) |
| 10:16 | Age | Feudal Age |
| 10:18 | Research | Man-at-Arms (upgrade) |
| 10:18 | Research | Man-at-Arms (upgrade) |
| 10:32 | Create | Villager (Male) |
| 10:48 | Build | Watch Tower |
| 10:50 | Create | Villager (Male) |
| 10:52 | Research | Double-Bit Axe |
| 11:07 | Build | Mill |
| 11:25 | Create | Villager (Male) |
| 11:44 | Build | Mining Camp |
| 12:03 | Create | Villager (Male) |
| 12:13 | Create | Villager (Male) |
| 12:45 | Build | Farm |
| 12:45 | Build | Farm |
| 12:45 | Build | Farm |
| 12:45 | Build | Farm |
| 12:46 | Build | Farm |
| 12:48 | Research | Horse Collar |
| 13:06 | Create | Villager (Male) |
| 13:08 | Build | Watch Tower |
| 13:28 | Build | House |
| 13:29 | Create | Villager (Male) |
| 13:53 | Build | Farm |
| 14:04 | Create | Villager (Male) |
| 14:05 | Create | Villager (Male) |
| 14:42 | Build | Farm |
| 14:43 | Build | Farm |
| 14:52 | Create | Villager (Male) |
| 15:04 | Build | Gate |
| 15:17 | Create | Villager (Male) |
| 15:23 | Build | Farm |
| 15:28 | Build | Market |
| 15:41 | Create | Villager (Male) |
| 15:44 | Build | House |
| 15:56 | Build | Gate |
| 16:06 | Create | Villager (Male) |
| 16:16 | Create | Villager (Male) |
| 16:38 | Create | Villager (Male) |
| 16:43 | Build | Stone Wall |
| 16:44 | Build | Stone Wall |
| 16:51 | Build | Mining Camp |
| 17:20 | Create | Villager (Male) |
| 17:31 | Build | Blacksmith |
| 17:43 | Build | Stone Wall |
| 17:48 | Research | Castle Age |
| 17:48 | Research | Castle Age |
| 19:04 | Create | Villager (Male) |
| 19:05 | Create | Villager (Male) |
| 19:25 | Age | Castle Age |
| 19:28 | Build | Town Center |
| 19:36 | Build | Town Center |
| 19:54 | Build | House |
| 19:59 | Research | Bow Saw |
| 20:15 | Create | Villager (Male) |
| 20:28 | Build | Town Center |
| 20:43 | Create | Villager (Male) |
| 20:50 | Create | Villager (Male) |
| 20:51 | Create | Villager (Male) |
| 20:57 | Create | Villager (Male) |
| 20:59 | Create | Villager (Male) |
| 21:05 | Build | Farm |
| 21:05 | Build | Farm |
| 21:05 | Build | Farm |
| 21:05 | Build | Farm |
| 21:06 | Build | Farm |
| 21:10 | Create | Villager (Male) |
| 21:20 | Build | Lumber Camp |
| 21:20 | Create | Villager (Male) |
| 21:27 | Create | Villager (Male) |
| 21:31 | Build | Farm |
| 21:41 | Create | Villager (Male) |
| 21:41 | Create | Villager (Male) |
| 21:46 | Create | Villager (Male) |
| 21:48 | Build | Farm |
| 21:48 | Build | Farm |
| 21:48 | Build | Farm |
| 21:48 | Build | Farm |
| 21:48 | Build | Farm |
| 21:49 | Create | Villager (Male) |
| 22:01 | Build | Farm |
| 22:04 | Build | Farm |
| 22:06 | Create | Villager (Male) |
| 22:09 | Build | Farm |
| 22:10 | Build | Farm |
| 22:13 | Build | Farm |
| 22:15 | Create | Villager (Male) |
| 22:17 | Build | Farm |
| 22:25 | Create | Villager (Male) |
| 22:34 | Build | House |
| 22:34 | Build | House |
| 22:36 | Create | Villager (Male) |
| 22:51 | Create | Villager (Male) |
| 22:58 | Create | Villager (Male) |
| 23:03 | Create | Villager (Male) |
| 23:07 | Build | House |
| 23:09 | Build | Lumber Camp |
| 23:15 | Create | Villager (Male) |
| 23:22 | Build | Farm |
| 23:22 | Build | Farm |
| 23:22 | Build | Farm |
| 23:22 | Build | Farm |
| 23:23 | Build | Farm |
| 23:23 | Build | Farm |
| 23:24 | Create | Villager (Male) |
| 23:32 | Create | Villager (Male) |
| 23:41 | Build | University |
| 23:43 | Create | Villager (Male) |
| 23:44 | Create | Villager (Male) |
| 23:45 | Create | Villager (Male) |
| 23:47 | Build | Mill |
| 23:48 | Build | Farm |
| 23:48 | Build | Farm |
| 23:48 | Build | Farm |
Build order — kechecho
First 150 of 262 actions detected
| 0:01 | Create | Villager (Male) |
| 0:01 | Create | Villager (Male) |
| 0:02 | Create | Villager (Male) |
| 0:02 | Create | Villager (Male) |
| 0:02 | Create | Villager (Male) |
| 0:04 | Build | House |
| 0:06 | Build | House |
| 1:24 | Create | Villager (Male) |
| 2:00 | Create | Villager (Male) |
| 2:00 | Create | Villager (Male) |
| 2:06 | Build | Lumber Camp |
| 2:17 | Create | Villager (Male) |
| 2:41 | Build | House |
| 2:41 | Build | House |
| 3:16 | Create | Villager (Male) |
| 3:17 | Create | Villager (Male) |
| 3:43 | Create | Villager (Male) |
| 3:43 | Create | Villager (Male) |
| 4:03 | Build | House |
| 4:03 | Build | House |
| 4:12 | Create | Villager (Male) |
| 4:12 | Create | Villager (Male) |
| 4:40 | Create | Villager (Male) |
| 4:40 | Create | Villager (Male) |
| 4:57 | Build | Mill |
| 5:28 | Create | Villager (Male) |
| 5:44 | Create | Villager (Male) |
| 5:50 | Research | Loom |
| 6:00 | Create | Villager (Male) |
| 6:34 | Create | Villager (Male) |
| 6:34 | Create | Villager (Male) |
| 6:35 | Create | Villager (Male) |
| 7:02 | Create | Villager (Male) |
| 7:02 | Create | Villager (Male) |
| 7:35 | Create | Villager (Male) |
| 7:35 | Create | Villager (Male) |
| 7:35 | Create | Villager (Male) |
| 8:02 | Create | Villager (Male) |
| 8:02 | Create | Villager (Male) |
| 8:03 | Create | Villager (Male) |
| 8:45 | Build | Mining Camp |
| 8:57 | Build | Mill |
| 9:36 | Create | Villager (Male) |
| 10:03 | Create | Villager (Male) |
| 10:04 | Research | Feudal Age |
| 10:59 | Build | Barracks |
| 11:24 | Create | Villager (Male) |
| 11:24 | Create | Villager (Male) |
| 11:25 | Create | Villager (Male) |
| 12:18 | Age | Feudal Age |
| 12:20 | Build | Blacksmith |
| 12:29 | Build | Market |
| 12:43 | Build | Mining Camp |
| 13:08 | Build | House |
| 13:09 | Build | House |
| 13:10 | Build | House |
| 13:22 | Research | Castle Age |
| 13:23 | Research | Castle Age |
| 13:25 | Research | Double-Bit Axe |
| 13:26 | Research | Double-Bit Axe |
| 13:28 | Research | Horse Collar |
| 13:28 | Research | Horse Collar |
| 13:29 | Research | Gold Mining |
| 14:00 | Build | Stable |
| 14:04 | Research | Scale Barding Armor |
| 14:25 | Build | Lumber Camp |
| 14:40 | Build | Farm |
| 14:41 | Build | Farm |
| 14:46 | Create | Villager (Male) |
| 14:46 | Create | Villager (Male) |
| 15:16 | Build | Stable |
| 15:35 | Build | Farm |
| 15:40 | Build | Farm |
| 15:51 | Age | Castle Age |
| 15:54 | Build | House |
| 15:56 | Create | Knight |
| 16:18 | Create | Villager (Male) |
| 16:35 | Build | Town Center |
| 16:46 | Create | Knight |
| 16:46 | Create | Knight |
| 17:08 | Create | Villager (Male) |
| 17:28 | Create | Villager (Male) |
| 17:35 | Build | Monastery |
| 17:41 | Build | Farm |
| 17:44 | Build | Farm |
| 18:04 | Create | Monk |
| 18:05 | Create | Monk |
| 18:05 | Create | Monk |
| 18:06 | Create | Villager (Male) |
| 18:07 | Create | Villager (Male) |
| 18:31 | Build | Farm |
| 18:33 | Build | Farm |
| 18:34 | Build | Farm |
| 18:39 | Create | Villager (Male) |
| 19:03 | Build | Town Center |
| 19:07 | Create | Villager (Male) |
| 19:25 | Build | Siege Workshop |
| 19:33 | Create | Villager (Male) |
| 19:33 | Create | Villager (Male) |
| 19:55 | Create | Villager (Male) |
| 20:08 | Create | Villager (Male) |
| 20:22 | Create | Battering Ram |
| 20:36 | Build | House |
| 20:37 | Build | House |
| 20:46 | Create | Knight |
| 20:49 | Create | Villager (Male) |
| 20:50 | Create | Villager (Male) |
| 21:20 | Create | Battering Ram |
| 21:21 | Create | Battering Ram |
| 21:23 | Create | Villager (Male) |
| 21:23 | Create | Villager (Male) |
| 21:33 | Build | Lumber Camp |
| 21:38 | Build | Lumber Camp |
| 21:43 | Build | Lumber Camp |
| 21:46 | Create | Villager (Male) |
| 21:52 | Create | Scorpion |
| 21:52 | Create | Scorpion |
| 21:58 | Build | House |
| 21:58 | Build | House |
| 22:04 | Create | Villager (Male) |
| 22:22 | Build | Castle |
| 22:33 | Create | Villager (Male) |
| 22:33 | Create | Villager (Male) |
| 22:40 | Create | Scorpion |
| 22:46 | Create | Monk |
| 22:46 | Create | Monk |
| 23:02 | Create | Villager (Male) |
| 23:02 | Create | Villager (Male) |
| 23:05 | Build | House |
| 23:06 | Build | House |
| 23:25 | Create | Mangonel |
| 23:42 | Create | Villager (Male) |
| 23:43 | Create | Villager (Male) |
| 23:48 | Build | Farm |
| 23:49 | Build | Farm |
| 23:50 | Build | Farm |
| 23:53 | Build | Farm |
| 23:54 | Build | Farm |
| 23:56 | Build | Farm |
| 23:57 | Build | Farm |
| 24:16 | Create | Villager (Male) |
| 24:17 | Create | Villager (Male) |
| 24:17 | Create | Villager (Male) |
| 24:34 | Create | Mangonel |
| 24:47 | Create | Knight |
| 24:47 | Create | Knight |
| 24:47 | Create | Knight |
| 24:58 | Build | Castle |
| 25:07 | Create | Villager (Male) |
| 25:07 | Create | Villager (Male) |
Build order — [LW] Awake
First 150 of 316 actions detected
| 0:01 | Create | Villager (Male) |
| 0:01 | Create | Villager (Male) |
| 0:02 | Build | House |
| 0:03 | Build | House |
| 0:46 | Build | Palisade Wall |
| 0:48 | Create | Villager (Male) |
| 0:57 | Create | Villager (Male) |
| 1:02 | Research | Loom |
| 1:20 | Create | Villager (Male) |
| 1:44 | Create | Villager (Male) |
| 2:10 | Build | Palisade Wall |
| 2:11 | Build | Palisade Wall |
| 2:14 | Build | Palisade Wall |
| 2:19 | Create | Villager (Male) |
| 2:27 | Build | House |
| 2:31 | Build | House |
| 2:42 | Create | Villager (Male) |
| 2:51 | Build | House |
| 2:53 | Build | House |
| 3:29 | Create | Villager (Male) |
| 4:07 | Build | House |
| 4:16 | Build | Palisade Wall |
| 4:17 | Create | Villager (Male) |
| 4:48 | Create | Villager (Male) |
| 4:48 | Create | Villager (Male) |
| 5:18 | Create | Villager (Male) |
| 5:49 | Create | Villager (Male) |
| 6:12 | Create | Villager (Male) |
| 6:42 | Build | Lumber Camp |
| 6:44 | Create | Villager (Male) |
| 6:44 | Create | Villager (Male) |
| 7:05 | Create | Villager (Male) |
| 7:06 | Create | Villager (Male) |
| 7:14 | Build | Palisade Wall |
| 7:15 | Build | Palisade Wall |
| 7:16 | Build | Palisade Wall |
| 7:17 | Build | Palisade Wall |
| 7:18 | Build | Palisade Wall |
| 7:27 | Create | Villager (Male) |
| 7:40 | Create | Villager (Male) |
| 7:50 | Build | Palisade Wall |
| 7:51 | Build | Palisade Wall |
| 7:51 | Build | Palisade Wall |
| 7:52 | Build | Palisade Wall |
| 7:53 | Build | Palisade Wall |
| 7:54 | Create | Villager (Male) |
| 8:23 | Build | Palisade Wall |
| 8:24 | Build | Palisade Wall |
| 8:27 | Create | Villager (Male) |
| 8:57 | Build | Mill |
| 9:35 | Create | Villager (Male) |
| 9:49 | Create | Villager (Male) |
| 10:02 | Build | Farm |
| 10:15 | Build | Farm |
| 10:28 | Create | Villager (Male) |
| 10:44 | Create | Villager (Male) |
| 10:45 | Build | Farm |
| 10:57 | Research | Feudal Age |
| 11:14 | Build | Farm |
| 11:30 | Build | Mining Camp |
| 11:43 | Build | Farm |
| 12:36 | Build | House |
| 13:16 | Create | Villager (Male) |
| 13:29 | Age | Feudal Age |
| 13:30 | Build | Blacksmith |
| 13:33 | Build | Market |
| 13:39 | Build | House |
| 13:41 | Build | Palisade Wall |
| 13:41 | Build | Palisade Wall |
| 13:42 | Build | Palisade Wall |
| 13:54 | Create | Villager (Male) |
| 14:28 | Research | Castle Age |
| 14:28 | Research | Castle Age |
| 14:39 | Build | House |
| 15:11 | Research | Double-Bit Axe |
| 15:20 | Build | Farm |
| 15:22 | Build | Farm |
| 15:23 | Build | Farm |
| 15:56 | Build | Stone Wall |
| 15:59 | Build | Stone Wall |
| 16:04 | Build | Stone Wall |
| 16:06 | Build | Stone Wall |
| 16:11 | Build | Stone Wall |
| 16:15 | Build | Stone Wall |
| 16:16 | Build | Stone Wall |
| 16:29 | Create | Villager (Male) |
| 16:35 | Build | House |
| 16:51 | Research | Horse Collar |
| 17:08 | Age | Castle Age |
| 17:10 | Build | University |
| 17:26 | Build | House |
| 17:27 | Build | House |
| 17:32 | Create | Villager (Male) |
| 17:41 | Build | Mill |
| 17:46 | Build | Barracks |
| 17:48 | Build | Farm |
| 17:52 | Build | Farm |
| 17:55 | Create | Villager (Male) |
| 17:58 | Build | Farm |
| 17:58 | Build | Farm |
| 18:00 | Create | Villager (Male) |
| 18:07 | Build | Farm |
| 18:10 | Build | Farm |
| 18:10 | Create | Villager (Male) |
| 18:11 | Build | Farm |
| 18:16 | Research | Padded Archer Armor |
| 18:25 | Create | Villager (Male) |
| 18:35 | Research | Chemistry |
| 18:35 | Research | Chemistry |
| 18:44 | Create | Villager (Male) |
| 19:15 | Create | Villager (Male) |
| 19:42 | Build | Archery Range |
| 19:44 | Create | Villager (Male) |
| 20:04 | Create | Villager (Male) |
| 20:24 | Create | Hand Cannoneer |
| 20:25 | Create | Hand Cannoneer |
| 20:29 | Create | Villager (Male) |
| 20:43 | Create | Hand Cannoneer |
| 20:55 | Create | Villager (Male) |
| 21:07 | Create | Villager (Male) |
| 21:15 | Create | Hand Cannoneer |
| 21:28 | Build | Monastery |
| 21:32 | Build | Market |
| 21:34 | Create | Hand Cannoneer |
| 21:48 | Create | Hand Cannoneer |
| 22:00 | Build | Archery Range |
| 22:05 | Create | Villager (Male) |
| 22:10 | Create | Villager (Male) |
| 22:14 | Build | Archery Range |
| 22:16 | Create | Villager (Male) |
| 22:21 | Build | Stone Wall |
| 22:26 | Research | Padded Archer Armor |
| 22:27 | Create | Villager (Male) |
| 22:27 | Create | Villager (Male) |
| 22:31 | Build | Farm |
| 22:31 | Build | Farm |
| 22:38 | Build | Lumber Camp |
| 22:39 | Create | Villager (Male) |
| 22:50 | Create | Villager (Male) |
| 23:01 | Create | Hand Cannoneer |
| 23:01 | Create | Hand Cannoneer |
| 23:02 | Create | Villager (Male) |
| 23:28 | Create | Villager (Male) |
| 23:34 | Create | Hand Cannoneer |
| 23:37 | Create | Hand Cannoneer |
| 23:54 | Create | Villager (Male) |
| 23:59 | Build | Town Center |
| 24:11 | Create | Villager (Male) |
| 24:17 | Build | House |
| 24:18 | Build | House |
Build order — wazzy_waz
First 150 of 308 actions detected
| 0:01 | Create | Villager (Male) |
| 0:01 | Create | Villager (Male) |
| 0:02 | Create | Villager (Male) |
| 0:03 | Build | House |
| 0:04 | Build | House |
| 0:21 | Create | Villager (Male) |
| 0:21 | Create | Villager (Male) |
| 0:22 | Create | Villager (Male) |
| 1:10 | Create | Villager (Male) |
| 1:26 | Build | Lumber Camp |
| 2:20 | Create | Villager (Male) |
| 2:21 | Create | Villager (Male) |
| 2:21 | Create | Villager (Male) |
| 3:14 | Create | Villager (Male) |
| 3:14 | Create | Villager (Male) |
| 3:40 | Create | Villager (Male) |
| 3:47 | Build | House |
| 3:59 | Create | Villager (Male) |
| 4:50 | Create | Villager (Male) |
| 4:50 | Create | Villager (Male) |
| 4:51 | Create | Villager (Male) |
| 4:51 | Create | Villager (Male) |
| 5:04 | Build | Mill |
| 5:15 | Create | Villager (Male) |
| 5:37 | Create | Villager (Male) |
| 5:38 | Create | Villager (Male) |
| 6:19 | Create | Villager (Male) |
| 6:30 | Create | Villager (Male) |
| 6:31 | Build | House |
| 7:54 | Create | Villager (Male) |
| 7:57 | Build | House |
| 8:03 | Research | Loom |
| 8:04 | Create | Villager (Male) |
| 8:29 | Create | Villager (Male) |
| 9:00 | Research | Feudal Age |
| 9:27 | Create | Villager (Male) |
| 10:06 | Build | House |
| 10:11 | Create | Villager (Male) |
| 10:21 | Create | Villager (Male) |
| 11:10 | Age | Feudal Age |
| 11:14 | Build | Market |
| 11:18 | Build | Blacksmith |
| 11:46 | Build | Farm |
| 11:47 | Build | Farm |
| 11:51 | Create | Villager (Male) |
| 11:54 | Build | Farm |
| 11:55 | Build | Farm |
| 12:44 | Create | Villager (Male) |
| 12:44 | Create | Villager (Male) |
| 12:45 | Create | Villager (Male) |
| 13:42 | Build | House |
| 13:48 | Create | Villager (Male) |
| 13:53 | Build | House |
| 14:02 | Build | Mining Camp |
| 14:08 | Create | Villager (Male) |
| 14:47 | Research | Double-Bit Axe |
| 15:00 | Research | Castle Age |
| 15:01 | Research | Castle Age |
| 15:08 | Create | Villager (Male) |
| 15:26 | Create | Villager (Male) |
| 15:52 | Build | Farm |
| 15:53 | Build | Farm |
| 16:16 | Research | Horse Collar |
| 17:13 | Build | House |
| 17:16 | Build | House |
| 17:17 | Build | House |
| 17:36 | Age | Castle Age |
| 17:39 | Build | Town Center |
| 17:51 | Build | Town Center |
| 17:56 | Create | Villager (Male) |
| 18:04 | Build | Farm |
| 18:07 | Create | Villager (Male) |
| 18:11 | Create | Villager (Male) |
| 18:17 | Build | Farm |
| 18:17 | Build | Farm |
| 18:17 | Build | Farm |
| 18:22 | Build | Farm |
| 18:23 | Build | Farm |
| 18:36 | Build | Farm |
| 18:43 | Create | Villager (Male) |
| 18:43 | Create | Villager (Male) |
| 18:46 | Create | Villager (Male) |
| 18:47 | Create | Villager (Male) |
| 18:58 | Build | Farm |
| 18:58 | Build | Farm |
| 19:06 | Build | House |
| 19:08 | Create | Villager (Male) |
| 19:09 | Create | Villager (Male) |
| 19:10 | Create | Villager (Male) |
| 19:11 | Create | Villager (Male) |
| 19:11 | Create | Villager (Male) |
| 19:27 | Build | Mining Camp |
| 19:28 | Create | Villager (Male) |
| 19:29 | Create | Villager (Male) |
| 19:31 | Create | Villager (Male) |
| 19:32 | Create | Villager (Male) |
| 19:34 | Create | Villager (Male) |
| 19:36 | Build | Farm |
| 19:40 | Build | House |
| 19:41 | Build | House |
| 19:42 | Build | House |
| 19:43 | Create | Villager (Male) |
| 19:45 | Create | Villager (Male) |
| 20:04 | Build | Town Center |
| 20:07 | Build | Farm |
| 20:09 | Create | Villager (Male) |
| 20:11 | Create | Villager (Male) |
| 20:17 | Build | Farm |
| 20:23 | Build | Farm |
| 20:24 | Build | Farm |
| 20:24 | Build | Farm |
| 20:24 | Build | Farm |
| 20:24 | Build | Farm |
| 20:25 | Build | Farm |
| 20:25 | Build | Farm |
| 20:26 | Build | Farm |
| 20:26 | Build | Farm |
| 20:34 | Create | Villager (Male) |
| 20:36 | Create | Villager (Male) |
| 20:37 | Create | Villager (Male) |
| 20:58 | Create | Villager (Male) |
| 21:00 | Create | Villager (Male) |
| 21:10 | Build | Monastery |
| 21:18 | Build | University |
| 21:19 | Create | Villager (Male) |
| 21:20 | Create | Villager (Male) |
| 21:23 | Create | Villager (Male) |
| 21:23 | Create | Villager (Male) |
| 21:25 | Build | Farm |
| 21:25 | Build | Farm |
| 21:26 | Build | Farm |
| 21:26 | Build | Farm |
| 21:31 | Build | Farm |
| 21:32 | Create | Villager (Male) |
| 21:47 | Create | Villager (Male) |
| 21:48 | Create | Villager (Male) |
| 21:59 | Build | Stone Wall |
| 22:03 | Create | Villager (Male) |
| 22:05 | Create | Villager (Male) |
| 22:09 | Build | Farm |
| 22:09 | Build | Farm |
| 22:10 | Build | Farm |
| 22:10 | Build | Farm |
| 22:20 | Build | Stone Wall |
| 22:33 | Build | Gate |
| 22:35 | Create | Villager (Male) |
| 22:36 | Create | Villager (Male) |
| 22:36 | Create | Villager (Male) |
| 22:41 | Create | Villager (Male) |
| 22:41 | Create | Villager (Male) |
Match timeline
| 0:46 | [LW] Awake · wall_segment Palisade Wall x13 |
| 2:10 | [LW] Awake · wall_segment Palisade Wall x1 |
| 2:11 | [LW] Awake · wall_segment Palisade Wall x1 |
| 2:14 | [LW] Awake · wall_segment Palisade Wall x1 |
| 2:30 | 11RICOPOLLO11 · wall_segment Palisade Wall x1 |
| 2:31 | 11RICOPOLLO11 · wall_segment Palisade Wall x1 |
| 2:32 | 11RICOPOLLO11 · wall_segment Palisade Wall x1 |
| 2:33 | 11RICOPOLLO11 · wall_segment Palisade Wall x1 |
| 2:35 | 11RICOPOLLO11 · wall_segment Palisade Wall x1 |
| 2:50 | 11RICOPOLLO11 · wall_segment Palisade Wall x1 |
| 2:51 | 11RICOPOLLO11 · wall_segment Palisade Wall x1 |
| 2:53 | 11RICOPOLLO11 · wall_segment Palisade Wall x1 |
| 2:54 | 11RICOPOLLO11 · wall_segment Palisade Wall x1 |
| 3:02 | 11RICOPOLLO11 · wall_segment Palisade Wall x1 |
| 4:16 | [LW] Awake · wall_segment Palisade Wall x11 |
| 4:33 | 11RICOPOLLO11 · wall_segment Palisade Wall x5 |
| 4:59 | CHARIZARD1511 · wall_segment Palisade Wall x9 |
| 5:22 | CHARIZARD1511 · wall_segment Palisade Wall x11 |
| 5:52 | CHARIZARD1511 · wall_segment Palisade Wall x1 |
| 5:55 | CHARIZARD1511 · wall_segment Palisade Wall x1 |
| 5:57 | CHARIZARD1511 · wall_segment Palisade Wall x1 |
| 5:59 | CHARIZARD1511 · wall_segment Palisade Wall x1 |
| 6:02 | CHARIZARD1511 · wall_segment Palisade Wall x1 |
| 6:07 | CHARIZARD1511 · wall_segment Palisade Wall x1 |
| 6:08 | 11RICOPOLLO11 · wall_segment Palisade Wall x1 |
| 6:09 | CHARIZARD1511 · wall_segment Palisade Wall x1 |
| 6:10 | 11RICOPOLLO11 · wall_segment Palisade Wall x1 |
| 6:11 | CHARIZARD1511 · wall_segment Palisade Wall x1 |
| 6:12 | 11RICOPOLLO11 · wall_segment Palisade Wall x7 |
| 7:14 | [LW] Awake · wall_segment Palisade Wall x1 |
| 7:15 | [LW] Awake · wall_segment Palisade Wall x1 |
| 7:16 | [LW] Awake · wall_segment Palisade Wall x1 |
| 7:17 | [LW] Awake · wall_segment Palisade Wall x1 |
| 7:18 | [LW] Awake · wall_segment Palisade Wall x1 |
| 7:50 | [LW] Awake · wall_segment Palisade Wall x1 |
| 7:51 | [LW] Awake · wall_segment Palisade Wall x1 |
| 7:51 | [LW] Awake · wall_segment Palisade Wall x1 |
| 7:52 | RAY · first_building Barracks |
| 7:52 | [LW] Awake · wall_segment Palisade Wall x1 |
| 7:53 | [LW] Awake · wall_segment Palisade Wall x1 |
| 8:23 | [LW] Awake · wall_segment Palisade Wall x1 |
| 8:24 | [LW] Awake · wall_segment Palisade Wall x1 |
| 9:28 | CHARIZARD1511 · wall_segment Palisade Wall x12 |
| 10:16 | RAY · age_up feudal |
| 10:26 | 11RICOPOLLO11 · wall_segment Palisade Wall x1 |
| 10:51 | CHARIZARD1511 · first_building Barracks |
| 10:51 | 11RICOPOLLO11 · wall_segment Palisade Wall x6 |
| 10:59 | kechecho · first_building Barracks |
| 11:00 | 11RICOPOLLO11 · wall_segment Palisade Wall x10 |
| 11:10 | wazzy_waz · age_up feudal |
| 11:30 | CHARIZARD1511 · wall_segment Palisade Wall x1 |
| 11:44 | 11RICOPOLLO11 · wall_segment Palisade Wall x4 |
| 11:47 | 11RICOPOLLO11 · wall_segment Palisade Wall x6 |
| 11:57 | 11RICOPOLLO11 · age_up feudal |
| 12:18 | kechecho · age_up feudal |
| 12:22 | 11RICOPOLLO11 · wall_segment Stone Wall x5 |
| 12:26 | 11RICOPOLLO11 · wall_segment Stone Wall x4 |
| 12:27 | 11RICOPOLLO11 · wall_segment Stone Wall x2 |
| 12:41 | 11RICOPOLLO11 · wall_segment Stone Wall x1 |
| 12:53 | 11RICOPOLLO11 · wall_segment Stone Wall x1 |
| 12:58 | 11RICOPOLLO11 · wall_segment Stone Wall x1 |
| 13:00 | 11RICOPOLLO11 · wall_segment Stone Wall x1 |
| 13:14 | 11RICOPOLLO11 · wall_segment Stone Wall x1 |
| 13:24 | 11RICOPOLLO11 · wall_segment Stone Wall x1 |
| 13:29 | [LW] Awake · age_up feudal |
| 13:40 | 11RICOPOLLO11 · wall_segment Stone Wall x1 |
| 13:41 | [LW] Awake · wall_segment Palisade Wall x1 |
| 13:41 | [LW] Awake · wall_segment Palisade Wall x1 |
| 13:42 | [LW] Awake · wall_segment Palisade Wall x1 |
| 13:58 | CHARIZARD1511 · age_up feudal |
| 14:00 | kechecho · first_building Stable |
| 14:53 | wazzy_waz · first_market_sell 100 wood |
| 15:47 | [LW] Awake · first_market_sell 100 stone |
| 15:51 | kechecho · age_up castle |
| 15:56 | [LW] Awake · wall_segment Stone Wall x1 |
| 15:59 | [LW] Awake · wall_segment Stone Wall x1 |
| 16:04 | [LW] Awake · wall_segment Stone Wall x4 |
| 16:06 | [LW] Awake · wall_segment Stone Wall x1 |
| 16:11 | [LW] Awake · wall_segment Stone Wall x1 |
| 16:15 | [LW] Awake · wall_segment Stone Wall x1 |
| 16:16 | [LW] Awake · wall_segment Stone Wall x1 |
| 16:43 | RAY · wall_segment Stone Wall x2 |
| 16:44 | RAY · wall_segment Stone Wall x9 |
| 16:56 | RAY · first_market_sell 100 stone |
| 17:03 | 11RICOPOLLO11 · first_market_buy 100 food |
| 17:08 | [LW] Awake · age_up castle |
| 17:10 | 11RICOPOLLO11 · first_market_sell 100 wood |
| 17:35 | kechecho · first_building Monastery |
| 17:36 | wazzy_waz · age_up castle |
| 17:40 | [LW] Awake · first_market_buy 100 wood |
| 17:43 | RAY · wall_segment Stone Wall x8 |
| 17:46 | [LW] Awake · first_building Barracks |
| 18:53 | RAY · first_market_buy 100 wood |
| 19:14 | kechecho · first_market_sell 100 stone |
| 19:15 | kechecho · first_market_buy 100 wood |
| 19:25 | kechecho · first_building Siege Workshop |
| 19:25 | RAY · age_up castle |
| 19:32 | CHARIZARD1511 · first_market_sell 500 stone |
| 19:34 | CHARIZARD1511 · first_market_buy 100 food |
| 19:42 | [LW] Awake · first_building Archery Range |
| 19:48 | wazzy_waz · first_market_buy 100 stone |
| 20:23 | 11RICOPOLLO11 · first_building Barracks |
| 20:51 | 11RICOPOLLO11 · age_up castle |
| 20:54 | 11RICOPOLLO11 · first_building Siege Workshop |
| 21:10 | wazzy_waz · first_building Monastery |
| 21:23 | 11RICOPOLLO11 · first_building Archery Range |
| 21:28 | [LW] Awake · first_building Monastery |
| 21:59 | wazzy_waz · wall_segment Stone Wall x18 |
| 22:20 | wazzy_waz · wall_segment Stone Wall x12 |
| 22:21 | [LW] Awake · wall_segment Stone Wall x1 |
| 22:22 | kechecho · first_building Castle |
| 24:09 | CHARIZARD1511 · age_up castle |
| 24:39 | RAY · wall_segment Stone Wall x3 |
| 25:48 | wazzy_waz · wall_segment Stone Wall x5 |
| 25:49 | wazzy_waz · wall_segment Stone Wall x1 |
| 25:52 | wazzy_waz · wall_segment Stone Wall x5 |
| 26:28 | RAY · tribute_sent a jugador 1 |
| 26:28 | RAY · tribute_sent a jugador 3 |
| 26:28 | RAY · tribute_sent a jugador 4 |
| 26:28 | RAY · tribute_sent a jugador 5 |
| 26:28 | RAY · tribute_sent a jugador 6 |
| 27:09 | RAY · tribute_sent a jugador 1 |
| 27:09 | RAY · tribute_sent a jugador 3 |
| 27:09 | RAY · tribute_sent a jugador 4 |
| 27:09 | RAY · tribute_sent a jugador 5 |
| 27:09 | RAY · tribute_sent a jugador 6 |
| 27:29 | RAY · first_building Siege Workshop |
| 27:32 | RAY · wall_segment Stone Wall x6 |
| 27:53 | wazzy_waz · first_building Castle |
| 28:10 | wazzy_waz · first_building Barracks |
| 28:28 | wazzy_waz · wall_segment Stone Wall x9 |
| 28:48 | wazzy_waz · first_building Stable |
| 28:57 | RAY · wall_segment Stone Wall x1 |
| 29:00 | RAY · wall_segment Stone Wall x1 |
| 29:01 | RAY · wall_segment Stone Wall x1 |
| 29:03 | RAY · wall_segment Stone Wall x1 |
| 29:24 | RAY · wall_segment Stone Wall x4 |
| 29:42 | RAY · first_building Castle |
| 29:45 | CHARIZARD1511 · first_building Castle |
| 30:28 | RAY · first_building Monastery |
| 31:35 | RAY · first_building Archery Range |
| 31:46 | wazzy_waz · age_up imperial |
| 32:22 | RAY · age_up imperial |
| 33:45 | 11RICOPOLLO11 · wall_segment Stone Wall x2 |
| 33:48 | 11RICOPOLLO11 · wall_segment Stone Wall x6 |
| 34:17 | 11RICOPOLLO11 · resign |
[ AI ANALYSIS · 1 CREDIT ]
What really happened in this match?
Wolo.gg analyzes every decision: build order, eco, micro, common mistakes by bracket. Personalized analysis on WhatsApp or Discord in 30 seconds.
Civ guide
Dravidians
Perfil
Jugador #3877994